Erie Otters vs Providence Bruins
Created - Wednesday, May 10, 2023 at 07:10
Goals
|
| Erie Otters |
0 |
1 |
3 |
4 |
| Providence Bruins |
1 |
0 |
1 |
2 |
|
Shots
|
| Erie Otters |
6 |
14 |
19 |
39 |
| Providence Bruins |
4 |
9 |
7 |
20 |
|
1st period
1. Providence Bruins , John-Jason Peterka 25 (Jared McIsaac 3) at 10:39
Penalties :
Helge Grans (PRB) for Fighting (Major) at 11:43, Alec McCrea (ERO) for Fighting (Major) at 11:43, Alec McCrea (ERO) for instigated a fight (Minor) at 11:43, Alec McCrea (ERO) for instigated a fight (10 Minutes Misconduct) at 11:43, Austin Wagner (PRB) for Fighting (Major) at 14:00, Adam Brubacher (ERO) for Fighting (Major) at 14:00
2nd period
2. Erie Otters , Trent Frederic 33 (Paul Cotter 19, Alex Newhook 58) at 0:10
Penalties :
Jack Studnicka (PRB) for Fighting (Major) at 13:18, Alex Biega (ERO) for Fighting (Major) at 13:18
3rd period
3. Erie Otters , Sampo Ranta 21 (Aaron Ness 7, Andy Andreoff 45) at 5:46
4. Erie Otters , Aaron Luchuk 3 (Ty Ronning 8, Andy Andreoff 46) at 9:47
5. Providence Bruins , Jordan Spence 5 (Joe Veleno 38, John-Jason Peterka 34) at 18:52 (PP)
6. Erie Otters , Trent Frederic 34 (Alex Biega 13, Paul Cotter 20) at 19:18 (Empty Net)
Penalties :
Aaron Luchuk (ERO) for Holding (Minor) at 18:47
Goalie Stats
Adam Werner (ERO), 18 saves from 20 shots - (0.900), W, 2-0-0, 60:00 minutes
Zachary Emond (PRB), 35 saves from 38 shots - (0.921), L, 3-18-2, 59:38 minutes
Players Stats for Erie Otters
Player Name G A P +/- PIM S H SB GA TA FO MP PP MP PK MP
------------------------------------------------------------------------------------
Aaron Luchuk 1 0 1 0 2 6 1 2 1 0 2/7 14:54 0:00 0:00
Aaron Ness 0 1 1 1 0 2 1 3 0 0 0/0 23:08 0:00 1:02
Abbott Girduckis 0 0 0 0 0 1 2 0 0 0 2/4 9:48 0:00 0:00
Adam Brubacher 0 0 0 0 5 0 3 0 0 1 1/1 10:17 0:00 0:00
Adam Clendening 0 0 0 3 0 1 2 4 0 1 0/0 23:49 0:00 1:02
Alec McCrea 0 0 0 -1 17 0 0 0 0 0 0/0 12:54 0:00 0:00
Alex Biega 0 1 1 3 5 1 1 1 0 1 0/0 20:18 0:00 1:02
Alex Gallant 0 0 0 0 0 6 0 1 0 0 0/0 14:44 0:00 0:00
Alex Newhook 0 1 1 2 0 1 2 0 1 0 7/15 18:05 0:00 1:04
Alex Petrovic 0 0 0 1 0 2 2 0 0 0 0/0 20:58 0:00 1:02
Alex-Olivier Voyer 0 0 0 0 0 3 4 0 1 0 0/0 9:48 0:00 0:00
Andy Andreoff 0 2 2 1 0 3 4 0 2 0 7/16 17:23 0:00 1:00
Kevin Davis 0 0 0 -1 0 0 2 0 1 0 0/0 17:17 0:00 0:00
Michael Eyssimont 0 0 0 1 0 3 6 0 0 0 0/0 16:23 0:00 0:00
Paul Cotter 0 2 2 2 0 2 5 2 0 0 0/0 17:57 0:00 1:00
Sampo Ranta 1 0 1 1 0 3 1 0 1 0 0/0 16:23 0:00 0:00
Trent Frederic 2 0 2 2 0 4 6 0 0 0 0/0 18:05 0:00 1:04
Ty Ronning 0 1 1 0 0 1 0 0 0 0 1/1 15:41 0:00 0:00
Players Stats for Providence Bruins
Player Name G A P +/- PIM S H SB GA TA FO MP PP MP PK MP
------------------------------------------------------------------------------------
Austin Wagner 0 0 0 -1 5 0 1 0 0 1 0/0 16:13 0:00 0:00
Brandon Coe 0 0 0 -1 0 0 1 0 0 1 0/0 15:26 0:00 0:00
Cole Schwindt 0 0 0 -1 0 4 1 0 0 0 0/0 20:10 0:54 0:00
Helge Grans 0 0 0 0 5 1 0 1 0 0 0/0 9:50 0:00 0:00
Jack Studnicka 0 0 0 -1 5 1 0 1 1 0 1/2 20:29 1:10 0:00
Jacob Moverare 0 0 0 0 0 1 0 2 0 1 0/0 18:19 0:31 0:00
Jared McIsaac 0 1 1 -1 0 0 0 0 0 0 0/0 12:03 0:31 0:00
Joe Veleno 0 1 1 -1 0 0 2 4 1 0 13/25 23:43 1:10 0:00
John-Jason Peterka 1 1 2 -1 0 2 1 1 0 0 2/3 23:33 1:10 0:00
Jordan Spence 1 0 1 -2 0 1 3 4 0 1 0/0 24:09 1:33 0:00
Jordy Bellerive 0 0 0 -1 0 0 2 0 0 1 3/4 15:25 0:00 0:00
Logan Hutsko 0 0 0 -1 0 4 4 0 1 0 5/10 20:10 0:54 0:00
Marc Del Gaizo 0 0 0 0 0 0 0 0 0 0 0/0 7:47 0:00 0:00
Mason Millman 0 0 0 0 0 0 3 0 0 0 0/0 12:37 0:00 0:00
Michal Teply 0 0 0 -1 0 4 0 0 0 1 0/0 20:03 0:54 0:00
Nicholas Merkley 0 0 0 0 0 0 0 0 0 0 0/0 2:28 0:00 0:00
Nikolai Knyzhov 0 0 0 -2 0 2 0 1 0 0 0/0 23:25 1:33 0:00
Samuel Bolduc 0 0 0 -1 0 0 1 0 0 1 0/0 14:07 0:00 0:00
3 Stars
1 - Trent Frederic (ERO)
2 - Paul Cotter (ERO)
3 - Andy Andreoff (ERO)
Power Play
Erie Otters - 0 on 0 Attempt(s) - 0.00%
Providence Bruins - 1 on 2 Attempt(s) - 50.00%
Penalty Kill
Erie Otters - 1 on 2 Attempt(s) - 50.00%
- Score 0 goal in Penalty Kill
Providence Bruins - 0 on 0 Attempt(s) - 0.00%
- Score 0 goal in Penalty Kill
Team Stat
Erie Otters - Hits : 42 - Faceoff Wins : 20 - Blocked Shots : 13 - Penalty Minutes : 29
Providence Bruins - Hits : 19 - Faceoff Wins : 24 - Blocked Shots : 14 - Penalty Minutes : 15
Official
Referees : Dave Lewis and Kevin Pollock
Linesman : Bryan Pancich and Brad Kovachik
Game Notes
Helge Grans beats up Alec McCrea at 11:43 of 1st period
Austin Wagner beats up Adam Brubacher at 14:00 of 1st period
0:06 of 2nd period - Erie Otters goal is going for a video replay. After video review, No Goal. The net was displaced accidentally.
Helge Grans is injured at 13:13 of 2nd period (Left Leg)
Jack Studnicka and Alex Biega fight to a draw at 13:18 of 2nd period
Trent Frederic has scored in a empty net!
Erie Otters
5 vs 5 Forward
Center Left Wing Right Wing Time % Phy DF OF
1 Alex Newhook Trent Frederic Paul Cotter 30 1 2 2
2 Andy Andreoff Michael Eyssimont Sampo Ranta 30 1 2 2
3 Aaron Luchuk Alex Gallant Ty Ronning 25 1 2 2
4 Abbott Girduckis Adam Brubacher Alex-Olivier Voyer 15 1 2 2
5 vs 5 Defense
Defense Defense Time % Phy DF OF
1 Adam Clendening Alex Biega 35 1 2 2
2 Aaron Ness Alex Petrovic 35 1 2 2
3 Alec McCrea Kevin Davis 30 1 2 2
4 Adam Clendening Alex Biega 0 1 2 2
PowerPlay Forward
Center Left Wing Right Wing Time % Phy DF OF
1 Alex Newhook Trent Frederic Paul Cotter 50 1 2 2
2 Andy Andreoff Michael Eyssimont Sampo Ranta 50 1 2 2
PowerPlay Defense
Defense Defense Time % Phy DF OF
1 Adam Clendening Alex Biega 50 1 2 2
2 Aaron Ness Alex Petrovic 50 1 2 2
Penalty Kill 4 Players Forward
Center Wing Time % Phy DF OF
1 Alex Newhook Trent Frederic 50 1 2 2
2 Andy Andreoff Paul Cotter 50 1 2 2
Penalty Kill 4 Players Defense
Defense Defense Time % Phy DF OF
1 Adam Clendening Alex Biega 50 1 2 2
2 Aaron Ness Alex Petrovic 50 1 2 2
Penalty Kill - 3 Players Forward
Forward Time % Phy DF OF
1 Alex Newhook 50 1 2 2
2 Trent Frederic 50 1 2 2
Penalty Kill - 3 Players Defense
Defense Defense Time % Phy DF OF
1 Adam Clendening Alex Biega 50 1 2 2
2 Aaron Ness Alex Petrovic 50 1 2 2
4 vs 4 Forward
Center Wing Time % Phy DF OF
1 Alex Newhook Trent Frederic 50 1 2 2
2 Andy Andreoff Paul Cotter 50 1 2 2
4 vs 4 Defense
Defense Defense Time % Phy DF OF
1 Adam Clendening Alex Biega 50 1 2 2
2 Aaron Ness Alex Petrovic 50 1 2 2
Last Minutes Offensive
Center Left Wing Right Wing Defense Defense
Alex Newhook Trent Frederic Paul Cotter Adam Clendening Alex Biega
Last Minutes Defensive
Center Left Wing Right Wing Defense Defense
Alex Newhook Trent Frederic Paul Cotter Adam Clendening Alex Biega
Goaltenders
Starting : Adam Werner
Backup : Keith Kinkaid
Extra Forwards
Normal : Ty Ronning, Alex-Olivier Voyer, Aaron Luchuk - PP : Ty Ronning, Alex-Olivier Voyer - PK : Aaron Luchuk
Extra Defensemen
Normal : Aaron Ness, Kevin Davis, Adam Brubacher - PP : Aaron Ness - PK : Kevin Davis, Adam Brubacher
Penalty Shots
Alex Newhook, Trent Frederic, Andy Andreoff, Paul Cotter, Michael Eyssimont
Providence Bruins
5 vs 5 Forward
Center Left Wing Right Wing Time % Phy DF OF
1 Joe Veleno John-Jason Peterka Jack Studnicka 40 1 2 2
2 Logan Hutsko Michal Teply Cole Schwindt 30 1 2 2
3 Jordy Bellerive Austin Wagner Brandon Coe 20 1 2 2
4 Joe Veleno John-Jason Peterka Jack Studnicka 10 1 2 2
5 vs 5 Defense
Defense Defense Time % Phy DF OF
1 Jordan Spence Nikolai Knyzhov 40 1 2 2
2 Jacob Moverare Helge Grans 30 1 2 2
3 Samuel Bolduc Jared McIsaac 20 1 2 2
4 Helge Grans Marc Del Gaizo 10 1 2 2
PowerPlay Forward
Center Left Wing Right Wing Time % Phy DF OF
1 Joe Veleno John-Jason Peterka Jack Studnicka 60 1 2 2
2 Logan Hutsko Michal Teply Cole Schwindt 40 1 2 2
PowerPlay Defense
Defense Defense Time % Phy DF OF
1 Jordan Spence Nikolai Knyzhov 60 1 2 2
2 Jacob Moverare Jared McIsaac 40 1 2 2
Penalty Kill 4 Players Forward
Center Wing Time % Phy DF OF
1 Joe Veleno John-Jason Peterka 60 1 2 2
2 Jack Studnicka Cole Schwindt 40 1 2 2
Penalty Kill 4 Players Defense
Defense Defense Time % Phy DF OF
1 Jordan Spence Nikolai Knyzhov 60 1 2 2
2 Jacob Moverare Samuel Bolduc 40 1 2 2
Penalty Kill - 3 Players Forward
Forward Time % Phy DF OF
1 Joe Veleno 60 1 2 2
2 John-Jason Peterka 40 1 2 2
Penalty Kill - 3 Players Defense
Defense Defense Time % Phy DF OF
1 Jordan Spence Nikolai Knyzhov 60 1 2 2
2 Jacob Moverare Jared McIsaac 40 1 2 2
4 vs 4 Forward
Center Wing Time % Phy DF OF
1 Joe Veleno John-Jason Peterka 60 1 2 2
2 Jack Studnicka Cole Schwindt 40 1 2 2
4 vs 4 Defense
Defense Defense Time % Phy DF OF
1 Jordan Spence Nikolai Knyzhov 60 1 2 2
2 Jacob Moverare Samuel Bolduc 40 1 2 2
Last Minutes Offensive
Center Left Wing Right Wing Defense Defense
Joe Veleno John-Jason Peterka Jack Studnicka Jordan Spence Nikolai Knyzhov
Last Minutes Defensive
Center Left Wing Right Wing Defense Defense
Joe Veleno John-Jason Peterka Jack Studnicka Jordan Spence Nikolai Knyzhov
Goaltenders
Starting : Zachary Emond
Backup : Trent Miner
Extra Forwards
Normal : Austin Wagner, Brandon Coe, Jordy Bellerive - PP : Austin Wagner, Brandon Coe - PK : Jordy Bellerive
Extra Defensemen
Normal : Mason Millman, Samuel Bolduc, Jared McIsaac - PP : Mason Millman - PK : Samuel Bolduc, Jared McIsaac
Penalty Shots
Joe Veleno, John-Jason Peterka, Jack Studnicka, Cole Schwindt, Michal Teply
% Time on Ice - Erie Otters
Lines # - Real PCT - Wanted PCT - Time Play
Normal Forward
1 - 29% - 30% - 16:35
2 - 28% - 30% - 16:23
3 - 26% - 25% - 14:44
4 - 17% - 15% - 9:48
Normal Defense
1 - 34% - 35% - 19:45
2 - 33% - 35% - 19:01
3 - 31% - 30% - 17:55
4 - 1% - 0% - 0:49
PP Forward
1 - 0% - 50%
2 - 0% - 50%
PP Defense
1 - 0% - 50%
2 - 0% - 50%
PK Forward
1 - 52% - 50% - 1:04
2 - 48% - 50% - 1:00
PK Defense
1 - 50% - 50% - 1:02
2 - 50% - 50% - 1:02
PK3 Forward
1 - 0% - 50%
2 - 0% - 50%
PK3 Defense
1 - 0% - 50%
2 - 0% - 50%
44 Forward
1 - 0% - 50%
2 - 0% - 50%
44 Defense
1 - 0% - 50%
2 - 0% - 50%
Last Minute Offensive - 0:00
Last Minute Defensive - 0:26
Total
Forward - 60:00
Defense - 60:00
|
% Time on Ice - Providence Bruins
Lines # - Real PCT - Wanted PCT - Time Play
Normal Forward
1 - 34% - 40% - 19:39
2 - 34% - 30% - 19:36
3 - 27% - 20% - 15:45
4 - 4% - 10% - 2:30
Normal Defense
1 - 36% - 40% - 20:34
2 - 31% - 30% - 17:37
3 - 20% - 20% - 11:32
4 - 14% - 10% - 7:47
PP Forward
1 - 56% - 60% - 1:10
2 - 44% - 40% - 0:54
PP Defense
1 - 75% - 60% - 1:33
2 - 25% - 40% - 0:31
PK Forward
1 - 0% - 60%
2 - 0% - 40%
PK Defense
1 - 0% - 60%
2 - 0% - 40%
PK3 Forward
1 - 0% - 60%
2 - 0% - 40%
PK3 Defense
1 - 0% - 60%
2 - 0% - 40%
44 Forward
1 - 0% - 60%
2 - 0% - 40%
44 Defense
1 - 0% - 60%
2 - 0% - 40%
Last Minute Offensive - 0:26
Last Minute Defensive - 0:00
Total
Forward - 60:00
Defense - 60:00
|
Play-by-Play
1st period
0:01 of 1st period - Alex Newhook wins face-off versus Joe Veleno in neutral zone.
0:38 of 1st period - Snap shot by Logan Hutsko.
0:38 of 1st period - Stopped by Adam Werner with a rebound.
0:52 of 1st period - Snap shot by Ty Ronning.
0:52 of 1st period - Shot Misses the Net.
1:20 of 1st period - Snap shot by Alex-Olivier Voyer.
1:20 of 1st period - Shot Blocked by Jacob Moverare.
1:32 of 1st period - Wrist shot by Austin Wagner.
1:32 of 1st period - Deflect By Jordy Bellerive.
1:32 of 1st period - Shot Blocked by Aaron Ness.
1:32 of 1st period - Puck is out of play.
1:33 of 1st period - Jordy Bellerive wins face-off versus Alex Newhook in Erie Otters zone.
1:57 of 1st period - Jared McIsaac is hit by Andy Andreoff.
2:01 of 1st period - Aaron Ness is hit by Samuel Bolduc and loses puck.
2:20 of 1st period - Ty Ronning is hit by Logan Hutsko and loses puck.
3:01 of 1st period - Joe Veleno is hit by Paul Cotter and loses puck.
3:20 of 1st period - Slapshot by Michal Teply.
3:20 of 1st period - Stopped by Adam Werner with a rebound.
3:46 of 1st period - Slapshot by Alex Biega.
3:46 of 1st period - Stopped by Zachary Emond with a rebound.
3:48 of 1st period - Wrist shot by Adam Brubacher.
3:48 of 1st period - Shot Misses the Net.
4:05 of 1st period - Brandon Coe is hit by Kevin Davis and loses puck.
4:20 of 1st period - Aaron Ness is hit by Logan Hutsko.
4:32 of 1st period - Alex Petrovic is hit by Joe Veleno and loses puck.
6:54 of 1st period - Brandon Coe is hit by Aaron Luchuk and loses puck.
9:21 of 1st period - Samuel Bolduc is hit by Trent Frederic.
9:31 of 1st period - Jordy Bellerive is hit by Abbott Girduckis and loses puck.
10:39 of 1st period - Backhand shot by John-Jason Peterka.
10:39 of 1st period - Goal by John-Jason Peterka - Erie Otters : 0 - Providence Bruins : 1.
10:40 of 1st period - Logan Hutsko wins face-off versus Andy Andreoff in neutral zone.
10:51 of 1st period - Wrist shot by Logan Hutsko.
10:51 of 1st period - Stopped by Adam Werner without a rebound.
10:52 of 1st period - Andy Andreoff wins face-off versus Logan Hutsko in Erie Otters zone.
11:25 of 1st period - Paul Cotter is hit by Jordan Spence and loses puck.
11:43 of 1st period - Helge Grans beats up Alec McCrea.
11:43 of 1st period - Penalty to Helge Grans for Fighting.
11:43 of 1st period - Penalty to Alec McCrea for Fighting.
11:43 of 1st period - Penalty to Alec McCrea for instigated a fight.
11:43 of 1st period - Penalty to Alec McCrea for instigated a fight.
11:44 of 1st period - Alex Newhook wins face-off versus Jack Studnicka in Providence Bruins zone.
13:17 of 1st period - Cole Schwindt is hit by Paul Cotter and loses puck.
13:33 of 1st period - Icing by Nikolai Knyzhov.
13:34 of 1st period - Alex Newhook wins face-off versus Joe Veleno in Providence Bruins zone.
13:43 of 1st period - Penalty to Alec McCrea is over, Aaron Luchuk is send on ice.
13:56 of 1st period - Slapshot by Alex-Olivier Voyer.
13:56 of 1st period - Stopped by Zachary Emond without a rebound.
13:57 of 1st period - Jordy Bellerive wins face-off versus Abbott Girduckis in Providence Bruins zone.
13:57 of 1st period - Jordy Bellerive is hit by Abbott Girduckis.
14:00 of 1st period - Austin Wagner beats up Adam Brubacher.
14:00 of 1st period - Penalty to Austin Wagner for Fighting.
14:00 of 1st period - Penalty to Adam Brubacher for Fighting.
14:01 of 1st period - John-Jason Peterka wins face-off versus Andy Andreoff in neutral zone.
14:04 of 1st period - Snap shot by John-Jason Peterka.
14:04 of 1st period - Shot Hit the Post.
14:12 of 1st period - Snap shot by Jack Studnicka.
14:12 of 1st period - Deflect By John-Jason Peterka.
14:12 of 1st period - Shot Misses the Net.
14:12 of 1st period - Puck is out of play.
14:13 of 1st period - Jack Studnicka wins face-off versus Alex Newhook in Erie Otters zone.
14:46 of 1st period - Wrist shot by Ty Ronning.
14:46 of 1st period - Shot Blocked by Joe Veleno.
14:48 of 1st period - Slapshot by Alex Gallant.
14:48 of 1st period - Stopped by Zachary Emond with a rebound.
14:50 of 1st period - Wrist shot by Alex Gallant.
14:50 of 1st period - Shot Misses the Net.
14:52 of 1st period - Wrist shot by Alex Gallant.
14:52 of 1st period - Stopped by Zachary Emond without a rebound.
14:53 of 1st period - Andy Andreoff wins face-off versus Logan Hutsko in Providence Bruins zone.
15:00 of 1st period - Snap shot by Andy Andreoff.
15:00 of 1st period - Shot Hit the Post.
15:08 of 1st period - Logan Hutsko is hit by Andy Andreoff and loses puck.
15:19 of 1st period - Jacob Moverare is hit by Trent Frederic and loses puck.
16:37 of 1st period - Joe Veleno is hit by Michael Eyssimont and loses puck.
17:01 of 1st period - Snap shot by Aaron Luchuk.
17:01 of 1st period - Stopped by Zachary Emond without a rebound.
17:02 of 1st period - Ty Ronning wins face-off versus Jordy Bellerive in Providence Bruins zone.
17:28 of 1st period - Helge Grans is hit by Trent Frederic and loses puck.
17:55 of 1st period - Andy Andreoff is hit by Logan Hutsko and loses puck.
19:04 of 1st period - Alex Gallant is hit by Jordy Bellerive.
19:42 of 1st period - Snap shot by Trent Frederic.
19:42 of 1st period - Stopped by Zachary Emond without a rebound.
19:43 of 1st period - Alex Newhook wins face-off versus Logan Hutsko in Providence Bruins zone.
19:48 of 1st period - Slapshot by Trent Frederic.
19:48 of 1st period - Deflect By Alex Newhook.
19:48 of 1st period - Shot Misses the Net.
19:48 of 1st period - Puck is out of play.
19:49 of 1st period - Joe Veleno wins face-off versus Andy Andreoff in Providence Bruins zone.
19:49 of 1st period - Joe Veleno is hit by Michael Eyssimont.
Goals for this period are 0 for Erie Otters vs 1 for Providence Bruins.
Shots for this period are 6 for Erie Otters vs 4 for Providence Bruins.
2nd period
0:01 of 2nd period - Alex Newhook wins face-off versus Joe Veleno in neutral zone.
0:04 of 2nd period - Snap shot by Alex Newhook.
0:04 of 2nd period - Shot Misses the Net.
0:06 of 2nd period - Snap shot by Paul Cotter.
0:06 of 2nd period - Erie Otters goal is going for a video replay.
0:06 of 2nd period - The goal is refused. The net was displaced accidentally..
0:07 of 2nd period - Alex Newhook wins face-off versus Joe Veleno in Providence Bruins zone.
0:08 of 2nd period - Slapshot by Paul Cotter.
0:08 of 2nd period - Stopped by Zachary Emond with a rebound.
0:10 of 2nd period - Snap shot by Trent Frederic.
0:10 of 2nd period - Goal by Trent Frederic - Erie Otters : 1 - Providence Bruins : 1.
0:11 of 2nd period - Andy Andreoff wins face-off versus Joe Veleno in neutral zone.
0:22 of 2nd period - Wrist shot by John-Jason Peterka.
0:22 of 2nd period - Shot Misses the Net.
0:24 of 2nd period - Wrist shot by John-Jason Peterka.
0:24 of 2nd period - Shot Blocked by Adam Clendening.
0:26 of 2nd period - Slapshot by Helge Grans.
0:26 of 2nd period - Stopped by Adam Werner with a rebound.
0:36 of 2nd period - Cole Schwindt is hit by Trent Frederic and loses puck.
0:49 of 2nd period - Wrist shot by Alex Newhook.
0:49 of 2nd period - Shot Misses the Net.
1:11 of 2nd period - Aaron Luchuk is hit by Brandon Coe and loses puck.
1:30 of 2nd period - John-Jason Peterka is hit by Alex-Olivier Voyer and loses puck.
1:45 of 2nd period - Adam Clendening is hit by Jordan Spence and loses puck.
2:26 of 2nd period - Jordan Spence is hit by Adam Brubacher and loses puck.
2:33 of 2nd period - Slapshot by Aaron Ness.
2:33 of 2nd period - Shot Misses the Net.
3:06 of 2nd period - Sampo Ranta is hit by Cole Schwindt and loses puck.
3:33 of 2nd period - Slapshot by Ty Ronning.
3:33 of 2nd period - Shot Blocked by Joe Veleno.
3:45 of 2nd period - Cole Schwindt is hit by Adam Brubacher and loses puck.
5:35 of 2nd period - Jack Studnicka is hit by Trent Frederic and loses puck.
5:54 of 2nd period - Kevin Davis is hit by Austin Wagner and loses puck.
6:07 of 2nd period - Cole Schwindt is hit by Andy Andreoff.
6:11 of 2nd period - Cole Schwindt is hit by Alex Petrovic.
6:43 of 2nd period - 10 Minutes Misconduct Penalty to Alec McCrea is over.
7:05 of 2nd period - John-Jason Peterka is hit by Alex-Olivier Voyer and loses puck.
7:47 of 2nd period - Jacob Moverare is hit by Adam Brubacher and loses puck.
8:03 of 2nd period - Helge Grans is hit by Paul Cotter.
8:17 of 2nd period - Jack Studnicka is hit by Adam Clendening and loses puck.
9:51 of 2nd period - Jacob Moverare is hit by Trent Frederic.
10:25 of 2nd period - Jordy Bellerive is hit by Michael Eyssimont and loses puck.
10:39 of 2nd period - Icing by Aaron Ness.
10:40 of 2nd period - Joe Veleno wins face-off versus Aaron Luchuk in Erie Otters zone.
11:26 of 2nd period - Joe Veleno is hit by Michael Eyssimont and loses puck.
11:39 of 2nd period - Michal Teply is hit by Alex Biega and loses puck.
12:08 of 2nd period - Jack Studnicka is hit by Alex-Olivier Voyer and loses puck.
13:09 of 2nd period - Snap shot by Michael Eyssimont.
13:09 of 2nd period - Shot Misses the Net.
13:11 of 2nd period - Slapshot by Andy Andreoff.
13:11 of 2nd period - Stopped by Zachary Emond with a rebound.
13:13 of 2nd period - Snap shot by Sampo Ranta.
13:13 of 2nd period - Shot Blocked by Helge Grans.
13:13 of 2nd period - Helge Grans from Providence Bruins is injured at 13:13 of 2nd period (Left Leg).
13:14 of 2nd period - Alex Newhook wins face-off versus Joe Veleno in Providence Bruins zone.
13:18 of 2nd period - Jack Studnicka and Alex Biega fight to a draw.
13:18 of 2nd period - Penalty to Jack Studnicka for Fighting.
13:18 of 2nd period - Penalty to Alex Biega for Fighting.
13:19 of 2nd period - Andy Andreoff wins face-off versus John-Jason Peterka in Providence Bruins zone.
13:39 of 2nd period - Austin Wagner is hit by Aaron Ness and loses puck.
13:50 of 2nd period - Wrist shot by Alex Newhook.
13:50 of 2nd period - Shot Blocked by Jordan Spence.
13:52 of 2nd period - Wrist shot by Paul Cotter.
13:52 of 2nd period - Shot Blocked by Jordan Spence.
13:54 of 2nd period - Wrist shot by Trent Frederic.
13:54 of 2nd period - Stopped by Zachary Emond with a rebound.
13:56 of 2nd period - Slapshot by Aaron Ness.
13:56 of 2nd period - Shot Blocked by Jordan Spence.
13:58 of 2nd period - Slapshot by Adam Clendening.
13:58 of 2nd period - Stopped by Zachary Emond with a rebound.
14:00 of 2nd period - Snap shot by Adam Clendening.
14:00 of 2nd period - Shot Misses the Net.
14:12 of 2nd period - Slapshot by Jordan Spence.
14:12 of 2nd period - Shot Misses the Net.
14:14 of 2nd period - Wrist shot by Jordy Bellerive.
14:14 of 2nd period - Shot Blocked by Aaron Luchuk.
14:16 of 2nd period - Slapshot by Brandon Coe.
14:16 of 2nd period - Shot Misses the Net.
14:40 of 2nd period - Wrist shot by Alex-Olivier Voyer.
14:40 of 2nd period - Stopped by Zachary Emond without a rebound.
14:41 of 2nd period - Joe Veleno wins face-off versus Abbott Girduckis in Providence Bruins zone.
14:54 of 2nd period - Logan Hutsko is hit by Paul Cotter and loses puck.
15:03 of 2nd period - Aaron Ness is hit by Mason Millman and loses puck.
15:27 of 2nd period - Snap shot by Andy Andreoff.
15:27 of 2nd period - Stopped by Zachary Emond with a rebound.
15:33 of 2nd period - Aaron Ness is hit by Joe Veleno and loses puck.
15:46 of 2nd period - Snap shot by Alex Gallant.
15:46 of 2nd period - Stopped by Zachary Emond with a rebound.
15:48 of 2nd period - Slapshot by Alex Gallant.
15:48 of 2nd period - Stopped by Zachary Emond with a rebound.
15:50 of 2nd period - Snap shot by Alex Gallant.
15:50 of 2nd period - Deflect By Aaron Luchuk.
15:50 of 2nd period - Shot Misses the Net.
15:50 of 2nd period - Puck is out of play.
15:51 of 2nd period - Joe Veleno wins face-off versus Alex Newhook in Providence Bruins zone.
16:10 of 2nd period - Wrist shot by Cole Schwindt.
16:10 of 2nd period - Stopped by Adam Werner without a rebound.
16:11 of 2nd period - Logan Hutsko wins face-off versus Aaron Luchuk in Erie Otters zone.
16:12 of 2nd period - Wrist shot by Michal Teply.
16:12 of 2nd period - Stopped by Adam Werner with a rebound.
16:14 of 2nd period - Slapshot by Jacob Moverare.
16:14 of 2nd period - Shot Misses the Net.
16:16 of 2nd period - Slapshot by Jacob Moverare.
16:16 of 2nd period - Stopped by Adam Werner with a rebound.
16:18 of 2nd period - Backhand shot by Jacob Moverare.
16:18 of 2nd period - Shot Blocked by Alex Gallant.
16:20 of 2nd period - Wrist shot by Michal Teply.
16:20 of 2nd period - Shot Blocked by Aaron Luchuk.
16:22 of 2nd period - Slapshot by Mason Millman.
16:22 of 2nd period - Shot Misses the Net.
16:41 of 2nd period - Wrist shot by Aaron Luchuk.
16:41 of 2nd period - Stopped by Zachary Emond without a rebound.
16:42 of 2nd period - Andy Andreoff wins face-off versus Joe Veleno in Providence Bruins zone.
16:48 of 2nd period - Off-side.
16:49 of 2nd period - Joe Veleno wins face-off versus Andy Andreoff in neutral zone.
16:54 of 2nd period - Snap shot by John-Jason Peterka.
16:54 of 2nd period - Stopped by Adam Werner with a rebound.
16:56 of 2nd period - Slapshot by Nikolai Knyzhov.
16:56 of 2nd period - Stopped by Adam Werner with a rebound.
16:58 of 2nd period - Snap shot by Austin Wagner.
16:58 of 2nd period - Shot Blocked by Adam Clendening.
17:00 of 2nd period - Wrist shot by Austin Wagner.
17:00 of 2nd period - Shot Misses the Net.
17:02 of 2nd period - Slapshot by Jordan Spence.
17:02 of 2nd period - Shot Misses the Net.
17:04 of 2nd period - Snap shot by Austin Wagner.
17:04 of 2nd period - Shot Blocked by Adam Clendening.
17:24 of 2nd period - Off-side.
17:25 of 2nd period - Aaron Luchuk wins face-off versus Joe Veleno in neutral zone.
17:36 of 2nd period - Snap shot by Aaron Luchuk.
17:36 of 2nd period - Stopped by Zachary Emond with a rebound.
17:38 of 2nd period - Slapshot by Kevin Davis.
17:38 of 2nd period - Shot Misses the Net.
17:40 of 2nd period - Snap shot by Alec McCrea.
17:40 of 2nd period - Shot Misses the Net.
17:59 of 2nd period - Snap shot by Cole Schwindt.
17:59 of 2nd period - Stopped by Adam Werner without a rebound.
18:00 of 2nd period - Joe Veleno wins face-off versus Andy Andreoff in Erie Otters zone.
18:34 of 2nd period - Snap shot by Michal Teply.
18:34 of 2nd period - Shot Misses the Net.
18:36 of 2nd period - Slapshot by Michal Teply.
18:36 of 2nd period - Stopped by Adam Werner with a rebound.
18:38 of 2nd period - Snap shot by Nikolai Knyzhov.
18:38 of 2nd period - Deflect By Michal Teply.
18:38 of 2nd period - Stopped by Adam Werner with a rebound.
18:59 of 2nd period - Snap shot by Aaron Luchuk.
18:59 of 2nd period - Shot Misses the Net.
19:01 of 2nd period - Wrist shot by Aaron Ness.
19:01 of 2nd period - Stopped by Zachary Emond with a rebound.
19:15 of 2nd period - John-Jason Peterka is hit by Alex-Olivier Voyer and loses puck.
19:37 of 2nd period - Slapshot by Sampo Ranta.
19:37 of 2nd period - Stopped by Zachary Emond without a rebound.
19:38 of 2nd period - Joe Veleno wins face-off versus Alex Newhook in Providence Bruins zone.
Goals for this period are 1 for Erie Otters vs 0 for Providence Bruins.
Shots for this period are 14 for Erie Otters vs 9 for Providence Bruins.
3rd period
0:01 of 3rd period - Joe Veleno wins face-off versus Andy Andreoff in neutral zone.
0:28 of 3rd period - Slapshot by Ty Ronning.
0:28 of 3rd period - Shot Misses the Net.
0:50 of 3rd period - Austin Wagner is hit by Alex Newhook and loses puck.
1:34 of 3rd period - Samuel Bolduc is hit by Michael Eyssimont and loses puck.
4:03 of 3rd period - Snap shot by Trent Frederic.
4:03 of 3rd period - Shot Misses the Net.
4:05 of 3rd period - Wrist shot by Paul Cotter.
4:05 of 3rd period - Shot Misses the Net.
4:52 of 3rd period - Off-side.
4:53 of 3rd period - Abbott Girduckis wins face-off versus Logan Hutsko in neutral zone.
4:56 of 3rd period - Slapshot by Aaron Ness.
4:56 of 3rd period - Stopped by Zachary Emond without a rebound.
4:57 of 3rd period - Adam Brubacher wins face-off versus Joe Veleno in Providence Bruins zone.
4:58 of 3rd period - Snap shot by Alex-Olivier Voyer.
4:58 of 3rd period - Shot Blocked by Jack Studnicka.
5:40 of 3rd period - Snap shot by Michael Eyssimont.
5:40 of 3rd period - Stopped by Zachary Emond with a rebound.
5:42 of 3rd period - Snap shot by Alex Petrovic.
5:42 of 3rd period - Shot Hit the Post.
5:44 of 3rd period - Snap shot by Andy Andreoff.
5:44 of 3rd period - Shot Blocked by Jordan Spence.
5:46 of 3rd period - Slapshot by Aaron Ness.
5:46 of 3rd period - Deflect By Sampo Ranta.
5:46 of 3rd period - Goal by Sampo Ranta - Erie Otters : 2 - Providence Bruins : 1.
5:47 of 3rd period - Andy Andreoff wins face-off versus Joe Veleno in neutral zone.
6:12 of 3rd period - Cole Schwindt is hit by Paul Cotter and loses puck.
6:23 of 3rd period - Paul Cotter is hit by Logan Hutsko.
6:34 of 3rd period - Icing by Aaron Luchuk.
6:35 of 3rd period - Jordy Bellerive wins face-off versus Aaron Luchuk in Erie Otters zone.
7:00 of 3rd period - Alex Newhook is hit by Jordan Spence and loses puck.
7:44 of 3rd period - Slapshot by Brandon Coe.
7:44 of 3rd period - Shot Misses the Net.
8:03 of 3rd period - Jordy Bellerive is hit by Alex Newhook and loses puck.
8:24 of 3rd period - Jordan Spence is hit by Adam Clendening and loses puck.
8:31 of 3rd period - Slapshot by Aaron Luchuk.
8:31 of 3rd period - Shot Misses the Net.
8:33 of 3rd period - Snap shot by Alex Gallant.
8:33 of 3rd period - Stopped by Zachary Emond with a rebound.
8:43 of 3rd period - Logan Hutsko is hit by Michael Eyssimont and loses puck.
9:13 of 3rd period - Slapshot by Adam Clendening.
9:13 of 3rd period - Shot Blocked by Jacob Moverare.
9:47 of 3rd period - Snap shot by Aaron Luchuk.
9:47 of 3rd period - Goal by Aaron Luchuk - Erie Otters : 3 - Providence Bruins : 1.
9:48 of 3rd period - Joe Veleno wins face-off versus Andy Andreoff in neutral zone.
10:01 of 3rd period - Slapshot by Michael Eyssimont.
10:01 of 3rd period - Stopped by Zachary Emond with a rebound.
10:03 of 3rd period - Snap shot by Andy Andreoff.
10:03 of 3rd period - Shot Blocked by John-Jason Peterka.
10:42 of 3rd period - Off-side.
10:43 of 3rd period - Joe Veleno wins face-off versus Andy Andreoff in neutral zone.
10:57 of 3rd period - Slapshot by Michael Eyssimont.
10:57 of 3rd period - Stopped by Zachary Emond with a rebound.
11:18 of 3rd period - Wrist shot by Jack Studnicka.
11:18 of 3rd period - Stopped by Adam Werner without a rebound.
11:19 of 3rd period - Logan Hutsko wins face-off versus Alex Newhook in Erie Otters zone.
11:24 of 3rd period - Snap shot by Cole Schwindt.
11:24 of 3rd period - Deflect By Logan Hutsko.
11:24 of 3rd period - Stopped by Adam Werner without a rebound.
11:25 of 3rd period - Logan Hutsko wins face-off versus Alex Newhook in Erie Otters zone.
11:26 of 3rd period - Snap shot by Cole Schwindt.
11:26 of 3rd period - Stopped by Adam Werner with a rebound.
11:28 of 3rd period - Snap shot by Michal Teply.
11:28 of 3rd period - Shot Misses the Net.
11:30 of 3rd period - Wrist shot by Cole Schwindt.
11:30 of 3rd period - Shot Blocked by Adam Clendening.
11:32 of 3rd period - Snap shot by Cole Schwindt.
11:32 of 3rd period - Stopped by Adam Werner with a rebound.
11:34 of 3rd period - Slapshot by Nikolai Knyzhov.
11:34 of 3rd period - Shot Blocked by Paul Cotter.
11:36 of 3rd period - Slapshot by Nikolai Knyzhov.
11:36 of 3rd period - Deflect By Alex Newhook.
11:36 of 3rd period - Stopped by Adam Werner without a rebound.
11:37 of 3rd period - Andy Andreoff wins face-off versus Joe Veleno in Erie Otters zone.
11:50 of 3rd period - Wrist shot by Andy Andreoff.
11:50 of 3rd period - Stopped by Zachary Emond with a rebound.
11:52 of 3rd period - Slapshot by Alex Petrovic.
11:52 of 3rd period - Stopped by Zachary Emond with a rebound.
12:07 of 3rd period - Trent Frederic is hit by Mason Millman and loses puck.
12:28 of 3rd period - Wrist shot by Alex-Olivier Voyer.
12:28 of 3rd period - Stopped by Zachary Emond with a rebound.
12:49 of 3rd period - Snap shot by Joe Veleno.
12:49 of 3rd period - Shot Blocked by Alex Biega.
13:31 of 3rd period - Adam Clendening is hit by Jordy Bellerive and loses puck.
14:10 of 3rd period - Wrist shot by Aaron Luchuk.
14:10 of 3rd period - Stopped by Zachary Emond with a rebound.
14:12 of 3rd period - Snap shot by Alex Biega.
14:12 of 3rd period - Shot Misses the Net.
14:14 of 3rd period - Snap shot by Alex Gallant.
14:14 of 3rd period - Stopped by Zachary Emond with a rebound.
14:42 of 3rd period - Jack Studnicka is hit by Sampo Ranta and loses puck.
15:36 of 3rd period - Off-side.
15:37 of 3rd period - Abbott Girduckis wins face-off versus Joe Veleno in neutral zone.
15:40 of 3rd period - Slapshot by Alex Petrovic.
15:40 of 3rd period - Shot Hit the Post.
15:42 of 3rd period - Snap shot by Adam Brubacher.
15:42 of 3rd period - Shot Misses the Net.
15:44 of 3rd period - Slapshot by Alex Petrovic.
15:44 of 3rd period - Shot Blocked by Joe Veleno.
15:46 of 3rd period - Slapshot by Alex Petrovic.
15:46 of 3rd period - Shot Blocked by Nikolai Knyzhov.
15:48 of 3rd period - Slapshot by Alex Petrovic.
15:48 of 3rd period - Stopped by Zachary Emond with a rebound.
15:50 of 3rd period - Snap shot by Abbott Girduckis.
15:50 of 3rd period - Stopped by Zachary Emond without a rebound.
15:51 of 3rd period - Aaron Luchuk wins face-off versus Logan Hutsko in Providence Bruins zone.
15:52 of 3rd period - Wrist shot by Ty Ronning.
15:52 of 3rd period - Shot Misses the Net.
16:14 of 3rd period - Snap shot by Jack Studnicka.
16:14 of 3rd period - Shot Blocked by Aaron Ness.
16:30 of 3rd period - Wrist shot by Jordy Bellerive.
16:30 of 3rd period - Shot Misses the Net.
17:40 of 3rd period - Slapshot by Alex Newhook.
17:40 of 3rd period - Stopped by Zachary Emond with a rebound.
17:50 of 3rd period - Marc Del Gaizo is hit by Andy Andreoff.
17:54 of 3rd period - Jack Studnicka is hit by Kevin Davis and loses puck.
17:59 of 3rd period - Snap shot by Sampo Ranta.
17:59 of 3rd period - Stopped by Zachary Emond without a rebound.
18:00 of 3rd period - Logan Hutsko wins face-off versus Aaron Luchuk in Providence Bruins zone.
18:19 of 3rd period - Ty Ronning is hit by Mason Millman and loses puck.
18:28 of 3rd period - Snap shot by Logan Hutsko.
18:28 of 3rd period - Stopped by Adam Werner with a rebound.
18:47 of 3rd period - Minor Penalty to Aaron Luchuk for Holding.
18:48 of 3rd period - Joe Veleno wins face-off versus Andy Andreoff in Erie Otters zone.
18:52 of 3rd period - Slapshot by Jordan Spence.
18:52 of 3rd period - Goal by Jordan Spence - Erie Otters : 3 - Providence Bruins : 2.
18:53 of 3rd period - Joe Veleno wins face-off versus Alex Newhook in neutral zone.
18:56 of 3rd period - Providence Bruins, Zachary Emond is pulled from the net.
18:56 of 3rd period - Snap shot by John-Jason Peterka.
18:56 of 3rd period - Shot Blocked by Paul Cotter.
19:01 of 3rd period - Icing by Alex Newhook.
19:02 of 3rd period - John-Jason Peterka wins face-off versus Alex Newhook in Erie Otters zone.
19:03 of 3rd period - Wrist shot by Jack Studnicka.
19:03 of 3rd period - Shot Misses the Net.
19:09 of 3rd period - Paul Cotter is hit by John-Jason Peterka and loses puck.
19:18 of 3rd period - Snap shot by Trent Frederic.
19:18 of 3rd period - Goal by Trent Frederic - Erie Otters : 4 - Providence Bruins : 2.
19:18 of 3rd period - Zachary Emond from Providence Bruins was sent back in the game.
19:19 of 3rd period - Joe Veleno wins face-off versus Aaron Luchuk in neutral zone.
19:22 of 3rd period - Slapshot by Jordan Spence.
19:22 of 3rd period - Shot Blocked by Aaron Ness.
19:30 of 3rd period - Slapshot by Ty Ronning.
19:30 of 3rd period - Stopped by Zachary Emond with a rebound.
19:32 of 3rd period - Slapshot by Aaron Ness.
19:32 of 3rd period - Shot Blocked by Joe Veleno.
19:34 of 3rd period - Snap shot by Aaron Luchuk.
19:34 of 3rd period - Stopped by Zachary Emond with a rebound.
19:44 of 3rd period - Nikolai Knyzhov is hit by Alex Petrovic and loses puck.
Goals for this period are 3 for Erie Otters vs 1 for Providence Bruins.
Shots for this period are 19 for Erie Otters vs 7 for Providence Bruins.
Back to the Top